 Dungeon Crawl Stone Soup version 0.20.0-15-g7f486f2 (webtiles) character file.

120 Haldmier the Chiller (level 5, -3/35 HPs)
             Began as a Merfolk Ice Elementalist on June 24, 2017.
             Was an Initiate of Elyvilon.
             Killed by divine providence
             ... invoked by an orc priest
              (13 damage)
             ... on level 3 of the Dungeon.
             The game lasted 00:12:54 (2809 turns).

Haldmier the Chiller (Merfolk Ice Elementalist)     Turns: 2809, Time: 00:12:55

Health: -3/35      AC:  2    Str:  8    XL:     5   Next: 4%
Magic:  6/8        EV: 13    Int: 15    God:    Elyvilon [......]
Gold:   125        SH:  4    Dex: 15    Spells: 2/9 levels left

rFire    . . .     SeeInvis .   g - +0 trident
rCold    . . .     Gourm    .   n - +0 buckler
rNeg     . . .     Faith    .   a - +0 robe
rPois    .         Spirit   .   (no helmet)
rElec    .         Reflect  .   (no cloak)
rCorr    .         Harm     .   (no gloves)
MR       .....                  (no boots)
Stlth    ++........             (no amulet)
Regen    0.2/turn               (no ring)
MPRegen  0.2/turn               (no ring)

@: no status effects
A: change form in water, swift swim, stealthy swim
a: Renounce Religion


You were on level 3 of the Dungeon.
You worshipped Elyvilon.
Elyvilon was noncommittal.
You were not hungry.

You visited 1 branch of the dungeon, and saw 3 of its levels.

You collected 125 gold pieces.

Inventory:

Hand Weapons
 g - a +0 trident (weapon)
Missiles
 i - 65 stones (quivered)
Armour
 a - a +0 robe (worn)
 n - a +0 buckler (worn)
Scrolls
 e - a scroll of enchant weapon {unknown}
 j - a scroll of blinking {unknown}
 k - 3 scrolls of identify {unknown}
 l - a scroll of amnesia {unknown}
 p - 3 scrolls of teleportation {unknown}
 q - 2 scrolls of remove curse {unknown}
 r - a scroll of magic mapping {unknown}
 s - a scroll of enchant armour {unknown}
Potions
 d - a potion of curing {unknown}
 h - a potion of flight {unknown}
Books
 b - a book of Frost

   Spells                             Type                      Level
   a - Freeze                         Ice                          1
   b - Throw Frost                    Conjuration/Ice              2
   c - Ozocubu's Armour               Charms/Ice                   3
   d - Throw Icicle                   Conjuration/Ice              4
   e - Summon Ice Beast               Ice/Summoning                4
Comestibles
 c - 2 bread rations
 f - 5 fruits
 m - 3 meat rations
 o - a royal jelly
 t - 3 chunks of flesh


   Skills:
 * Level 1.9 Polearms
 + Level 3.4 Dodging
 - Level 2.1 Stealth
 + Level 1.1 Shields
 - Level 2.5 Spellcasting
 + Level 1.3 Conjurations
 + Level 1.0 Summonings
 * Level 4.3 Ice Magic


You had 2 spell levels left.
You knew the following spells:

 Your Spells              Type           Power        Failure   Level  Hunger
a - Freeze                Ice            ##..         5%          1    #......
b - Throw Frost           Conj/Ice       ##....       14%         2    ###....
c - Summon Ice Beast      Ice/Summ       #.......     71%         4    #####..


Dungeon Overview and Level Annotations

Branches:
Dungeon (3/15)

Altars:
Elyvilon
Makhleb


Message History

Beogh smites you!
The orc wizard points at you and mumbles some strange words.
You block the puff of flame. The orc wizard casts a spell at you.
You resist with some effort.
The orc wizard casts a spell.
The orc wizard flickers and vanishes!
You are confused.
A magic dart appears from out of thin air!
The magic dart hits you!
* * * LOW HITPOINT WARNING * * *
Okay, then.
You bump into the rock wall.
You're too confused to move!
You bump into the rock wall.
You feel less confused.
A hobgoblin comes into view.
The orc priest mumbles some strange prayers to Beogh against you.
Beogh smites you!
You die...

#.#.#####..........
#.#.#........########
#.#.########.#
##'#..........#
#....o#########
#.....# #.....#
#.....# #....@####
##.......# #....)..#
#......<# #.......+
#>......# #.g.....#
#########


You could see an orc priest and a hobgoblin (wandering).

Vanquished Creatures
  An orc wizard (D:3)
  3 adders (D:2)
  An ooze (D:1)
  A worm (D:2)
  2 dart slugs (D:1)
  A leopard gecko (D:2)
  2 orcs (D:3)
  A ball python (D:1)
  4 giant cockroaches
  8 goblins
  5 hobgoblins
  2 jackals (D:1)
  3 quokkas (D:2)
  4 bats
  4 frilled lizards
  2 kobolds
  8 rats
52 creatures vanquished.

Notes
Turn   | Place    | Note
-------+----------+-------------------------------------------
     0 | D:1      | Haldmier the Merfolk Ice Elementalist began the quest for the Orb.
     0 | D:1      | Reached XP level 1. HP: 13/13 MP: 3/3
   256 | D:1      | Reached XP level 2. HP: 14/19 MP: 0/5
   327 | D:1      | Learned a level 2 spell: Throw Frost
   486 | D:1      | Reached skill level 1 in Conjurations
   531 | D:1      | Reached XP level 3. HP: 20/24 MP: 1/6
   850 | D:1      | Reached skill level 4 in Ice Magic
  1684 | D:2      | Reached XP level 4. HP: 26/30 MP: 4/7
  1733 | D:2      | Reached skill level 1 in Polearms
  1890 | D:2      | Learned a level 4 spell: Summon Ice Beast
  2018 | D:2      | Reached skill level 1 in Shields
  2410 | D:2      | Found a white marble altar of Elyvilon.
  2410 | D:2      | Found a burning altar of Makhleb.
  2417 | D:2      | Became a worshipper of Elyvilon the Healer
  2788 | D:3      | Reached skill level 1 in Summonings
  2788 | D:3      | Reached XP level 5. HP: 26/35 MP: 4/8
  2809 | D:3      | Killed from afar by an orc priest

Skill      XL: |  1  2  3  4 |
---------------+-------------+-----
Dodging        | 3 |  3.4
Conjurations   | 1 |  1.3
Ice Magic      | 4 |  4.3
Polearms       | 1 |  1.9
Shields        | 1 |  1.1
Summonings     | 1 |  1.0
Stealth        | |  2.1
Spellcasting   | |  2.5

Action                   |  1- 3 |  4- 6 || total
-------------------------+-------+-------++-------
Melee: Unarmed           |     3 |       ||     3
       Trident           |     1 |    56 ||    57
Throw: Stone             |       |     4 ||     4
 Cast: Freeze            |    59 |    20 ||    79
 Stab: Sleeping          |     1 |     1 ||     2
  Eat: Chunk             |     2 |     5 ||     7
Armor: Robe              |    13 |    11 ||    24
Dodge: Dodged            |    25 |    26 ||    51
Block: Buckler           |     6 |    11 ||    17
